Map: Amygdala

Players

Classic

  • Race: Protoss Protoss
  • Spawn Location: 1:00

Zoun - Winner!

  • Race: Protoss Protoss
  • League: Master
  • Spawn Location: 7:00

VOD

Have the link to the VOD?

Description

Time

  • Played on: Feb. 14, 2025, 6:30 a.m.
  • Length: 9:30
Show
View Real Time Build Order
Export as new Build Order

Classic Protoss 

Build Orders: Oracle Opening, Phoenix Opening 

Get SALT Encoding   

  12  0:00  Probe  
  13  0:12  Probe  
  14  0:17  Pylon  
  14  0:24  Probe  
  15  0:33  Probe  
  15  0:36  Gateway  
  15  0:41  Probe  
  16  0:46  Assimilator  
  17  0:51  Probe  
  17  0:56  Assimilator  
  18  0:59  Probe  
  19  1:04  Pylon  
  19  1:07  Probe  
  19  1:17  Probe  
  20  1:23  Cybernetics Core  
  21  1:29  Probe  
  24  1:41  Probe  
  25  1:53  Probe  
  26  1:57  Nexus  
  26  1:58  Sentry  
  26  2:01  Phoenix  
  26  2:02  Warp Gate  
  26  2:10  Pylon  
  26  2:17  Probe  
  26  2:22  Stalker  
  27  2:29  Probe  
  30  2:37  Shield Battery  
  30  2:40  Stargate  
  30  2:42  Probe  
  31  2:50  Stalker  
  31  2:54  Probe  
  34  3:06  Probe  
  34  3:12  Probe  
  36  3:14  Oracle  
  36  3:16  Gateway  
  36  3:18  Probe  
  42  3:28  Probe  
  42  3:30  Probe  
  42  3:36  Pylon  
  42  3:40  Probe  
  42  3:41  Oracle  
  43  3:42  Probe  
  44  3:52  Probe  
  44  3:54  Probe, Stalker  
  51  3:58  Assimilator  
  51  4:04  Probe  
  51  4:06  Probe, Pylon  
  53  4:13  Twilight Council  
  53  4:16  Probe  
  54  4:18  Probe  
  54  4:19  Gateway  
  55  4:28  Blink  
  55  4:30  Probe  
  55  4:31  Probe  
  57  4:35  Stalker x2  
  61  4:46  Nexus  
  61  4:47  Pylon  
  61  4:54  Probe x2  
  63  5:01  Stalker  
  63  5:02  Stalker  
  67  5:16  Probe x2  
  67  5:18  Pylon  
  66  5:24  Forge  
  66  5:28  Probe x2  
  68  5:35  Stalker x3  
  68  5:37  Robotics Facility, Protoss Ground Weapons Level 1  
  68  5:40  Probe x2  
  76  5:52  Probe x2  
  76  5:53  Nexus  
  78  5:58  Pylon  
  78  6:00  Probe  
  79  6:04  Probe x2  
  81  6:13  Probe  
  81  6:15  Adept  
  81  6:16  Probe, Adept, Stalker  
  86  6:20  Gateway  
  86  6:21  Gateway  
  86  6:24  Observer  
  87  6:27  Gateway  
  87  6:33  Gateway  
  87  6:35  Gateway  
  87  6:39  Stalker x2  
  91  6:42  Observer, Stalker  
  91  6:44  Pylon  
  94  6:48  Charge  
  94  6:53  Probe x3  
  97  7:01  Immortal  
  95  7:05  Probe x2  
  101  7:10  Probe  
  101  7:11  Probe  
  99  7:17  Probe x2  
  99  7:18  Adept x2  
  99  7:20  Zealot x3  
  111  7:23  Zealot, Pylon  
  111  7:24  Pylon  
  111  7:28  Zealot  
  111  7:29  Probe  
  116  7:30  Zealot  
  116  7:36  Immortal, Gateway  
  118  7:37  Gateway  
  118  7:42  Zealot x3  
  128  7:46  Zealot x2  
  132  7:53  Stalker x2  
  132  7:55  Zealot  
  136  8:01  Archon  
  136  8:02  Pylon  
  136  8:04  Pylon  
  130  8:07  Zealot x5  
  124  8:15  Zealot  
  124  8:17  Immortal  
  124  8:18  Zealot x2  
  105  8:28  Zealot x5  
  105  8:30  Zealot  
  105  8:31  Zealot  
  107  8:37  Zealot  
  107  8:40  Probe x3, Zealot x2  
  100  8:50  Stalker x3  
  100  8:51  Stalker  
  100  8:53  Zealot  
  104  8:56  Zealot  
  104  8:58  Zealot  
  104  9:01  Zealot  
  94  9:03  Zealot  
  94  9:05  Zealot  
  90  9:13  Zealot x4  
  90  9:14  Zealot  
  88  9:20  Zealot x2  
  88  9:22  Zealot  
  78  9:25  Zealot x2  
Show
View Real Time Build Order
Export as new Build Order

Zoun Protoss - Winner!

Build Orders: Blink Stalkers 

Get SALT Encoding   

  12  0:00  Probe  
  13  0:12  Probe  
  14  0:17  Pylon  
  14  0:23  Probe  
  15  0:32  Probe  
  15  0:35  Gateway  
  15  0:40  Probe  
  16  0:45  Assimilator  
  17  0:50  Probe  
  18  0:59  Probe  
  19  1:04  Assimilator  
  19  1:07  Probe  
  19  1:08  Gateway  
  19  1:17  Probe  
  20  1:22  Cybernetics Core  
  21  1:29  Probe  
  22  1:34  Pylon  
  22  1:41  Probe  
  23  1:51  Warp Gate  
  23  1:53  Probe  
  24  1:57  Stalker x2  
  28  2:07  Pylon  
  28  2:10  Probe  
  29  2:25  Probe  
  30  2:39  Nexus  
  30  2:43  Probe  
  31  2:47  Sentry  
  31  2:48  Sentry  
  35  2:55  Probe  
  36  2:58  Pylon  
  36  3:07  Probe  
  37  3:16  Probe, Twilight Council  
  38  3:24  Probe  
  38  3:33  Probe  
  39  3:37  Blink  
  39  3:40  Stalker, Sentry  
  44  3:45  Probe  
  44  3:47  Probe  
  45  3:55  Probe  
  46  3:57  Probe  
  48  4:05  Probe  
  48  4:09  Probe  
  50  4:15  Nexus  
  50  4:17  Probe  
  50  4:20  Pylon  
  50  4:23  Stalker  
  52  4:26  Probe  
  52  4:28  Stalker x2  
  52  4:31  Probe  
  52  4:37  Stalker  
  54  4:38  Probe  
  54  4:43  Probe  
  53  4:48  Stalker  
  53  4:50  Probe  
  56  4:56  Probe  
  56  4:58  Shield Battery  
  57  5:00  Stalker  
  57  5:03  Probe  
  60  5:08  Probe  
  60  5:10  Robotics Facility  
  61  5:16  Stalker  
  63  5:23  Stalker  
  63  5:25  Phoenix  
  63  5:27  Shield Battery  
  65  5:32  Probe  
  65  5:33  Probe  
  65  5:34  Charge  
  67  5:37  Gateway  
  67  5:38  Probe, Forge  
  67  5:40  Probe  
  68  5:45  Probe  
  68  5:48  Probe  
  68  5:49  Probe  
  70  5:56  Observer  
  73  5:57  Probe  
  73  5:58  Protoss Ground Weapons Level 1  
  73  6:01  Probe x2  
  73  6:02  Gateway  
  76  6:04  Gateway  
  76  6:07  Stalker x2  
  76  6:09  Probe  
  81  6:13  Probe x2  
  83  6:21  Probe  
  83  6:25  Gateway x2  
  84  6:27  Warp Prism  
  84  6:28  Gateway  
  84  6:36  Pylon  
  85  6:40  Pylon  
  85  6:41  Pylon  
  85  6:48  Pylon x2  
  85  6:56  Stalker x3  
  87  7:03  Stalker  
  87  7:04  Stalker  
  88  7:09  Probe  
  88  7:10  Probe  
  88  7:11  Probe  
  89  7:20  Zealot x4  
  89  7:21  Probe  
  98  7:26  Stalker x2  
  98  7:28  Zealot  
  104  7:34  Zealot  
  106  7:40  Zealot x4  
  114  7:56  Zealot x3  
  114  7:57  Zealot  
  122  8:01  Stalker  
  120  8:08  Zealot x3  
  112  8:17  Stalker  
  112  8:18  Stalker x3  
  112  8:25  Zealot  
  102  8:30  Stalker  
  102  8:31  Stalker, Zealot  
  88  8:46  Zealot x5  
  96  8:54  Zealot x2  
  95  8:59  Zealot  
  85  9:07  Zealot x6  
  83  9:23  Zealot  
  83  9:24  Zealot  
  79  9:27  Zealot x6  
Tags
 
Add a new tag
Caveats
  • Supply blocks, unpowered buildings, or Contaminate may cause inaccurate times.
  • Supply counts are checked every 10 seconds.